 Dungeon Crawl Stone Soup version 0.25-a0-681-gdf4e720381 (console) character file.

Game seed: 15821662588811339502, levelgen mode: classic

55590 Duffy the Cleaver (level 14, -7/129 HPs)
             Began as a Naga Gladiator on Mar 30, 2020.
             Was a High Priest of Makhleb.
             Mangled by an orc knight
             ... wielding a +0 great mace
              (19 damage)
             ... on level 2 of the Orcish Mines.
             The game lasted 00:32:48 (25477 turns).

Duffy the Cleaver (Naga Gladiator)                 Turns: 25477, Time: 00:32:49

Health: -7/129     AC: 29    Str: 16    XL:     14   Next: 78%
Magic:  19/19      EV: 13    Int: 13    God:    Makhleb [*****.]
Gold:   1276       SH:  0    Dex: 14    Spells: 13/13 levels left

rFire    + . .     SeeInvis +   a - +3 battleaxe
rCold    . . .     Gourm    .   (shield currently unavailable)
rNeg     + . .     Faith    .   q - +4 scale mail {rF+}
rPois    +         Spirit   .   P - +2 helmet {SInv}
rElec    .         Reflect  .   I - +0 cloak {MR+}
rCorr    .         Harm     .   T - +3 pair of gloves of Discretion {rN+ MR+ SInv}
MR       ++++.                  (no barding)
Stlth    ..........             Z - amulet of the acrobat
HPRegen  0.31/turn              M - +5 ring of protection
MPRegen  0.16/turn              y - ring of protection from magic

@: very slow
A: large, see invisible, deformed body, poison resistance, slowness 2, slow
metabolism 1, spit poison 1, constrict 1, AC +4
a: Spit Poison, Minor Destruction, Lesser Servant of Makhleb, Major Destruction,
Greater Servant of Makhleb, Renounce Religion


You were on level 2 of the Orcish Mines.
You worshipped Makhleb.
Makhleb was extremely pleased with you.
You were not hungry.

You visited 4 branches of the dungeon, and saw 20 of its levels.
You also visited: Gauntlet.

You collected 1823 gold pieces.
You spent 547 gold pieces at shops.

Inventory:

Hand Weapons
 a - a +3 battleaxe (weapon)
 b - the +7 whip "Datej" {vorpal, rF+ Str+4 Int+3}
   (You found it on level 3 of the Lair of Beasts)

   It inflicts extra damage upon your enemies.
   It affects your strength (+4).
   It affects your intelligence (+3).
   It protects you from fire.
 L - a +5 broad axe of holy wrath
Missiles
 d - 2 throwing nets (quivered)
Armour
 q - a +4 scale mail of fire resistance (worn)
 I - a +0 cloak of magic resistance (worn)
 P - a +2 helmet of see invisible (worn)
 T - the +3 pair of gloves of Discretion (worn) {rN+ MR+ SInv}
   (You found it in a Gauntlet)

   It protects you from negative energy.
   It affects your resistance to hostile enchantments.
   It lets you see invisible.
Jewellery
 u - an uncursed amulet of rage
 y - a ring of protection from magic (right hand)
 M - a +5 ring of protection (left hand)
 N - an uncursed ring of ice
 Z - an amulet of the acrobat (around neck)
Wands
 g - a wand of flame (28)
 r - a wand of paralysis (9)
 s - a wand of digging (10)
 C - a wand of acid (5)
 D - a wand of disintegration (20)
 F - a wand of polymorph (21)
 G - a wand of enslavement (5)
 H - a wand of iceblast (30)
 Q - a wand of random effects (72)
 U - a wand of scattershot (4)
Scrolls
 e - 2 scrolls of blinking
 i - 10 scrolls of remove curse
 j - a scroll of fear
 o - 12 scrolls of fog
 t - 4 scrolls of teleportation
 w - 2 scrolls of magic mapping
 x - 2 scrolls of enchant armour
 z - a scroll of immolation
 B - 7 scrolls of enchant weapon
 K - 2 scrolls of silence
 V - 6 scrolls of identify
Potions
 c - a potion of heal wounds
 h - 5 potions of curing
 k - 2 potions of haste
 l - 4 potions of brilliance
 m - 3 potions of lignification
 n - 2 potions of resistance
 p - a potion of mutation
 v - 2 potions of magic
 A - 3 potions of might
 E - 4 potions of ambrosia
 O - a potion of flight
 W - a potion of cancellation
 X - a potion of invisibility
Miscellaneous
 R - a fan of gales
 S - a lightning rod (1/4)
 Y - a phial of floods
Comestibles
 f - 33 rations
 J - 7 chunks of flesh


   Skills:
 + Level 9.3 Fighting
 - Level 14.0 Axes
 - Level 1.7 Throwing
 - Level 10.6 Armour
 - Level 10.2 Dodging
 - Level 7.0 Invocations
 + Level 6.9 Evocations


You had 13 spell levels left.
You didn't know any spells.
Your spell library contained the following spells:

 Spells                   Type           Power        Failure   Level  Hunger
 Foxfire                  Conj/Fire      #...         65%         1    ##.....
 Poisonous Vapours        Pois/Air       #.....       78%         2    ###....
 Conjure Flame            Conj/Fire      #.......     95%         3    ####...
 Inner Flame              Hex/Fire       #.......     95%         3    ####...
 Mephitic Cloud           Conj/Pois/Air  #.......     95%         3    ####...
 Sticky Flame             Conj/Fire      #.......     100%        4    #####..
 Summon Lightning Spire   Summ/Air       #.......     100%        4    #####..
 Bolt of Magma            Conj/Fire/Erth #.........   100%        5    ######.
 Fireball                 Conj/Fire      #.........   100%        5    ######.
 Iskenderun's Battlesphe  Conj/Chrm      #.......     100%        5    ######.
 Silence                  Hex/Air        #.........   100%        5    ######.
 Conjure Ball Lightning   Conj/Air       #.........   100%        6    #######
 Deflect Missiles         Chrm/Air       #.........   100%        6    #######
 Freezing Cloud           Conj/Ice/Air   #.........   100%        6    #######
 Iron Shot                Conj/Erth      #.........   100%        6    #######
 Haunt                    Necr/Summ      #.........   100%        7    #######
 Orb of Destruction       Conj           #.........   100%        7    #######
 Ring of Flames           Chrm/Fire      #.........   100%        7    #######
 Spellforged Servitor     Conj/Summ      #.........   100%        7    #######
 Borgnjor's Revivificati  Necr           #.........   100%        8    #######
 Death's Door             Chrm/Necr      #.........   100%        8    #######
 Infestation              Necr           #.........   100%        8    #######
 Necromutation            Tmut/Necr      #.........   100%        8    #######
 Tornado                  Air            #.........   100%        9    #######


Dungeon Overview and Level Annotations

Branches:
Dungeon (11/15)            Temple (1/1) D:4            Lair (6/6) D:8
 Shoals (0/4) Lair:4        Snake (0/4) Lair:3        Slime (0/5) Lair:6
    Orc (2/2) D:11        Gauntlet (visited)
    Elf: Orc:2

Altars:
Ashenzari
Cheibriados
Dithmenos
Elyvilon
Fedhas
Gozag
Hepliaklqana
Kikubaaqudgha
Makhleb
Nemelex Xobeh
Okawaru
Qazlal
Ru
Sif Muna
Trog
Uskayaw
Vehumet
Wu Jian
Xom
Yredelemnul
Zin
The Shining One
Beogh
Jiyva

Shops:
D:4 ?   D:6 (   Orc:2 :!

Annotations:
Orc:2 exclusion: 2 doors


Innate Abilities, Weirdness & Mutations

You cannot wear boots.
Your serpentine skin is tough. (AC +4)
You have supernaturally acute eyesight. (SInv)
Armour fits poorly on your strangely shaped body.
Your system is resistant to poisons. (rPois)
You cover ground very slowly.
You have a slow metabolism.
You can spit poison.
You can use your snake-like lower body to constrict enemies.


Message History

The orc knight is moderately wounded.
The orc knight hits you but does no damage.
You slash the orc knight! Your grab misses the orc knight.
The orc knight is moderately wounded.
The orc knight hits you with a +0 great mace.
You slash the orc knight! Your grab misses the orc knight.
The orc knight is heavily wounded.
You barely miss the orc knight. You grab the orc knight.
The orc knight is heavily wounded.
You constrict the orc knight, but do no damage.
The orc knight hits you with a +0 great mace!!
You slash the orc knight!
The orc knight is heavily wounded.
You constrict the orc knight.
The orc knight hits you but does no damage.
You slash the orc knight!
The orc knight is almost dead.
You constrict the orc knight.
The orc knight hits you with a +0 great mace!!
You die...

#.##'##.#...#...#
#)))#.#.).#...#
###...#.##)###)##
#.'._.+...()....'
#.#...###'#######
##
#.#...#.....#..##
###.$
#.#####....)#....
#.....###.#
#..}.))....
(.$.).o@'.#
#....(#....
#.....#####
#.....#.... ###..
#### #######....
##
...##..........
#.............
#............#
#............#
#...<......##
#........###.


You could see an orc knight.

Vanquished Creatures
  An orc warlord (Orc:2)
  A stone giant (Orc:2)
  A minotaur (Gauntlet)
  Harold (D:10)
  A catoblepas (Lair:6)
  2 hydras
  A merfolk avatar (Lair:6)
  Erica (D:8)
  A centaur warrior (D:10)
  5 two-headed ogres
  2 orc high priests (Orc:2)
  A sea snake (Lair:6)
  4 orc knights
  3 harpies (Lair:6)
  An ugly thing (D:11)
  An oklob plant (Orc:1)
  A worldbinder (Gauntlet)
  4 orc sorcerers
  Maurice (D:8)
  2 elephants (Lair:6)
  A torpor snail (Lair:2)
  3 black mambas
  A merfolk siren (Lair:4)
  5 rime drakes
  A gargoyle (D:11)
  14 spiny frogs
  8 komodo dragons
  A yaktaur (D:10)
  A wind drake (Lair:6)
  2 merfolk (Lair:4)
  4 trolls
  2 hornets (Lair:6)
  6 polar bears
  16 blink frogs
  A raiju (Gauntlet)
  4 dream sheep (Lair:2)
  7 hippogriffs
  2 vampires
  2 shadows (D:11)
  2 wyverns
  2 basilisks
  15 yaks
  A hungry ghost (D:7)
  2 nagas (Lair:3)
  11 water moccasins
  Duvessa (D:4)
  An acid dragon (D:11)
  14 porcupines
  A sky beast (shapeshifter) (D:11)
  21 orc warriors
  2 ice beasts
  2 black bears
  A necrophage (D:7)
  2 phantoms
  A sky beast (D:3)
  A boggart (Gauntlet)
  9 ogres
  15 wolves
  3 centaurs
  11 crocodiles
  2 big kobolds
  3 small abominations (Gauntlet)
  15 bullfrogs
  Dowan (D:4)
  4 scorpions
  A wyvern skeleton (D:6)
  5 killer bees (D:8)
  7 electric eels
  6 wights
  7 crimson imps
  4 jellies
  Crazy Yiuf (D:4)
  2 bullfrog skeletons
  2 centaur skeletons
  5 hounds
  12 orc priests
  14 orc wizards
  8 worker ants
  3 iguanas
  2 lightning spires (Gauntlet)
  2 hound skeletons
  2 howler monkey zombies
  16 adders
  9 gnolls
  A shadow imp (D:9)
  2 adder zombies
  An adder skeleton (D:5)
  5 dart slugs
  2 worms
  3 leopard geckos
  95 orcs
  A ball python (D:2)
  4 giant cockroaches
  5 goblins
  4 hobgoblins
  5 jackals
  15 kobolds
  5 quokkas
  7 bats
  4 frilled lizards
  A jackal zombie (D:6)
  A leopard gecko skeleton (D:4)
  7 rats
  A bush (Lair:2)
  4 fungi
  5 plants (Lair:2)
545 creatures vanquished.

Vanquished Creatures (collateral kills)
  2 hydras
  4 oklob plants (Lair:1)
  A spiny frog (Lair:2)
  A merfolk (Lair:4)
  A fungus (Lair:4)
9 creatures vanquished.

Vanquished Creatures (others)
  5 dream sheep (Lair:6)
  54 fungi
  64 plants
123 creatures vanquished.

Grand Total: 677 creatures vanquished

Notes
Turn   | Place    | Note
-------+----------+-------------------------------------------
     0 | D:1      | Duffy the Naga Gladiator began the quest for the Orb.
     0 | D:1      | Reached XP level 1. HP: 19/19 MP: 1/1
    90 | D:1      | Reached XP level 2. HP: 17/26 MP: 2/2
   786 | D:1      | Reached XP level 3. HP: 32/32 MP: 3/3
   805 | D:1      | You fall into a shaft and drop 1 floor!
   808 | D:2      | Reached skill level 4 in Axes
  1859 | D:2      | Reached XP level 4. HP: 27/39 MP: 4/4
  2215 | D:3      | Noticed a sky beast
  2225 | D:3      | Killed a sky beast
  2225 | D:3      | Reached skill level 5 in Axes
  2225 | D:3      | Reached XP level 5. HP: 37/45 MP: 5/5
  2589 | D:3      | Found a radiant altar of Vehumet,
  2589 | D:3      | Found a burning altar of Makhleb,
  2608 | D:3      | Became a worshipper of Makhleb the Destroyer
  2720 | D:3      | Reached XP level 6. HP: 40/52 MP: 6/6
  2830 | D:3      | Found a blossoming altar of Fedhas,
  3320 | D:4      | Reached skill level 6 in Axes
  3465 | D:4      | Found a staircase to the Ecumenical Temple,
  3479 | D:4      | Reached skill level 1 in Evocations
  3480 | D:4      | Reached * piety under Makhleb
  3492 | Temple   | Entered the Ecumenical Temple
  3882 | D:4      | Found a runed translucent door,
  3883 | D:4      | Noticed Crazy Yiuf
  3905 | D:4      | Found Xarooh's Magic Scroll Emporium,
  3911 | D:4      | Reached XP level 7. HP: 33/60 MP: 8/8
  4051 | D:4      | Bought a scroll of teleportation for 42 gold pieces
  4099 | D:4      | Noticed Duvessa
  4100 | D:4      | Noticed Dowan
  4118 | D:4      | Killed Duvessa
  4123 | D:4      | Killed Dowan
  4502 | D:4      | Killed Crazy Yiuf
  4542 | D:4      | Bought a scroll of fog for 28 gold pieces
  4542 | D:4      | Bought a scroll of magic mapping for 49 gold pieces
  4542 | D:4      | Bought a scroll of noise for 14 gold pieces
  4569 | D:5      | Entered Level 5 of the Dungeon
  4581 | D:5      | Reached skill level 7 in Axes
  4767 | D:5      | Got a brightly glowing flail
  4771 | D:5      | Identified the +7 flail of Infection {vorpal, Int+4 Dex+2}
                  | (You found it on level 5 of the Dungeon)
  5117 | D:5      | Found a stormy altar of Qazlal,
  5296 | D:6      | Reached XP level 8. HP: 63/67 MP: 9/11
  5687 | D:6      | Found Mubeuch's Weapon Boutique,
  5765 | D:6      | Reached ** piety under Makhleb
  6117 | D:6      | Reached skill level 8 in Axes
  6117 | D:6      | Reached skill level 5 in Evocations
  6677 | D:7      | Reached skill level 1 in Invocations
  6724 | D:7      | Reached skill level 9 in Axes
  6738 | D:7      | Reached XP level 9. HP: 75/75 MP: 12/12
  7610 | D:8      | Noticed Maurice
  7631 | D:8      | Killed Maurice
  7703 | D:8      | Reached skill level 5 in Fighting
  7982 | D:8      | Reached skill level 5 in Invocations
  8036 | D:8      | Reached skill level 10 in Axes
  8156 | D:8      | Reached *** piety under Makhleb
  8156 | D:8      | Reached XP level 10. HP: 91/91 MP: 12/14
  8162 | D:8      | Noticed Erica
  8172 | D:8      | Killed Erica
  8381 | D:8      | Found a staircase to the Lair,
  9241 | D:8      | Reached skill level 1 in Armour
  9934 | D:4      | Bought a scroll of enchant armour for 105 gold pieces
  9934 | D:4      | Bought a scroll of identify for 28 gold pieces
  9934 | D:4      | Bought a scroll of identify for 28 gold pieces
  9934 | D:4      | Bought a scroll of identify for 28 gold pieces
  9934 | D:4      | Bought a scroll of amnesia for 49 gold pieces
 10637 | D:9      | Found a shattered altar of Ashenzari,
 10639 | D:9      | Found a hazy altar of Hepliaklqana,
 11149 | D:10     | Entered Level 10 of the Dungeon
 11154 | D:10     | Noticed a centaur warrior
 11164 | D:10     | Killed a centaur warrior
 11164 | D:10     | Reached skill level 5 in Dodging
 11164 | D:10     | Reached XP level 11. HP: 103/103 MP: 16/16
 11273 | D:10     | Found a hazy altar of Hepliaklqana,
 11394 | D:10     | Noticed Harold
 11414 | D:10     | Killed Harold
 11414 | D:10     | Reached **** piety under Makhleb
 11985 | D:10     | You fall into a shaft and drop 1 floor!
 12289 | Lair:1   | Entered Level 1 of the Lair of Beasts
 12711 | Lair:1   | Reached skill level 5 in Armour
 13055 | Lair:1   | Noticed a six-headed hydra
 13068 | Lair:1   | Killed a six-headed hydra
 13292 | Lair:1   | Noticed an oklob plant
 14004 | Lair:1   | Noticed an oklob plant
 14008 | Lair:1   | Killed an oklob plant
 14019 | Lair:1   | Killed an oklob plant
 14208 | Lair:1   | Noticed an oklob plant
 14208 | Lair:1   | Noticed an oklob plant
 14219 | Lair:1   | Killed an oklob plant
 14235 | Lair:1   | Killed an oklob plant
 14489 | Lair:1   | Reached XP level 12. HP: 45/110 MP: 17/17
 14959 | Lair:2   | Reached skill level 11 in Axes
 15775 | Lair:3   | Found a gate leading to a gauntlet,
 15795 | Gauntlet | Entered a Gauntlet
 15795 | Gauntlet | Found a transporter,
 15795 | Gauntlet | Found a transporter,
 15795 | Gauntlet | Found a transporter,
 15816 | Gauntlet | Found a transporter,
 15828 | Gauntlet | Found a transporter,
 15829 | Gauntlet | Found a transporter,
 15839 | Gauntlet | Found a transporter,
 15858 | Gauntlet | Found a transporter,
 15872 | Gauntlet | Found a transporter,
 15875 | Gauntlet | Found a transporter,
 15883 | Gauntlet | Found a transporter,
 15886 | Gauntlet | Found a transporter,
 15887 | Gauntlet | Found a runed translucent door,
 16393 | Gauntlet | Got a pair of steaming gloves
 16394 | Gauntlet | Identified the +3 pair of gloves of Discretion {rN+ MR+
                  | SInv} (You found it in a Gauntlet)
 16439 | Gauntlet | Noticed a minotaur
 16455 | Gauntlet | Killed a minotaur
 16825 | Lair:3   | Noticed a seven-headed hydra
 16837 | Lair:3   | Killed a four-headed hydra
 17082 | Lair:3   | Found a staircase to the Snake Pit,
 17497 | Lair:3   | Got a bloodstained whip
 18831 | Lair:4   | Reached skill level 12 in Axes
 18876 | Lair:4   | Gained mutation: You can use your snake-like lower body to
                  | constrict enemies. [Naga growth]
 18876 | Lair:4   | Reached XP level 13. HP: 79/117 MP: 18/18
 18980 | Lair:4   | Found a staircase to the Shoals,
 19452 | Lair:5   | Identified the +7 whip "Datej" {vorpal, rF+ Str+4 Int+3}
                  | (You found it on level 3 of the Lair of Beasts)
 20019 | Lair:5   | You fall into a shaft and drop 1 floor!
 20019 | Lair:6   | Entered Level 6 of the Lair of Beasts
 20019 | Lair:6   | Found a viscous altar of Jiyva,
 20019 | Lair:6   | Found a staircase to the Slime Pits,
 21406 | Lair:6   | Reached skill level 10 in Dodging
 21414 | Lair:6   | Reached skill level 13 in Axes
 21989 | Lair:6   | Reached XP level 14. HP: 124/126 MP: 19/19
 22152 | Lair:6   | Found a shimmering altar of Xom,
 22730 | D:11     | Reached skill level 10 in Armour
 23039 | D:11     | Reached skill level 14 in Axes
 23311 | D:11     | Found a staircase to the Orcish Mines,
 23878 | Orc:1    | Entered Level 1 of the Orcish Mines
 23911 | Orc:1    | Reached ***** piety under Makhleb
 24208 | Orc:1    | Got a jewelled falchion
 24359 | Orc:2    | Entered Level 2 of the Orcish Mines
 24727 | Orc:1    | Found a roughly hewn altar of Beogh,
 24902 | Orc:2    | Noticed a stone giant
 24925 | Orc:2    | Killed a stone giant
 25086 | Orc:2    | Found Voemutukh's Book Emporium,
 25343 | Orc:2    | Found Iblobiq's Distillery,
 25365 | Orc:2    | Bought a potion of cancellation for 88 gold pieces
 25365 | Orc:2    | Bought a potion of invisibility for 88 gold pieces
 25413 | Orc:2    | Found a roughly hewn altar of Beogh,
 25440 | Orc:2    | Noticed an orc warlord
 25467 | Orc:2    | Killed an orc warlord
 25477 | Orc:2    | Mangled by an orc knight

Levels and vault maps discovered:
D:1:      wheals_arrival_linesprint, layout_basic
D:2:      layout_basic
D:3:      layout_loops_ring, grunt_temple_overflow_lords_of_destruction,
          first_ration, fedhas_altar_3
D:4:      layout_gridville, minmay_temple_entry_butterflies, serial_shops, shop,
          minmay_tree_intersection, uniq_duvessa, uniq_crazy_yiuf_cottage
D:5:      layout_loops_ring, nicolae_qazlal_general_emergency
D:6:      layout_loops_corners, serial_shops, shop
D:7:      layout_basic, minivault_24, grunt_ogre_cave, minmay_misc_feat_x
D:8:      layout_loops_ring, due_lair_maze_entry_diamond, kennysheep_diamond,
          hex_medium, uniq_maurice, uniq_erica
D:9:      layout_irregular_city, chequers_temple_overflow_statue_of_worship
D:10:     layout_cross, serial_park, serial_park_square2, serial_park_square1
          [serial_park_minivault_5x5_4], serial_park_square2,
          minmay_chambers_of_fives, uniq_harold
D:11:     layout_long_grid, erik_orc_2
Temple:   eino_narrow_crystal_temple
Lair:1:   layout_long_grid, grunt_megastairs_2, minmay_lair_oklob_chamber
Lair:2:   layout_loops_ring, serial_forest, infiniplex_forest_clump_diagonal,
          infiniplex_forest_straight_4, infiniplex_forest_clump_small,
          infiniplex_forest_lined_corner, infiniplex_forest_lined_2,
          infiniplex_forest_lined_2, infiniplex_forest_end_2,
          infiniplex_forest_end_double
Lair:3:   layout_roguey, guppyfry_snake_entry_island, gauntlet_entry_generic
Lair:4:   layout_cave_pods, elwin_shoals_entry_stream, st_stairs_3
Lair:5:   layout_layer_cave, grunt_megastairs_5
Lair:6:   gammafunk_lair_ancient_temple, layout_concentric_octagons,
          slime_altar_1, kb_xom_exploding_sheep
Orc:1:    layout_diamond_mine, basic_altar, mines3_lemuel
Orc:2:    pubby_orc_utopia

Skill      XL: |  1  2  3  4  5  6  7  8  9 10 11 12 13 14 |
---------------+-------------------------------------------+-----
Axes           | 4 5 6 7 9 10 12 13 14 | 14.0
Dodging        | 3 5 7 9 10 | 10.2
Evocations     | 1 4 5 6 |  6.9
Invocations    | 2 5 7 |  7.0
Fighting       | 3 5 8 9 |  9.3
Armour         | 3 6 8 9 10 | 10.6
Throwing       | |  1.7

Action                   |  1- 3 |  4- 6 |  7- 9 | 10-12 | 13-15 || total
-------------------------+-------+-------+-------+-------+-------++-------
Melee: War axe           |    87 |   164 |    44 |    77 |       ||   372
       Flail             |       |       |   255 |   201 |     3 ||   459
       Battleaxe         |       |       |       |   342 |   651 ||   993
       Scimitar          |       |       |       |     4 |       ||     4
       Constrict         |       |       |       |       |   136 ||   136
       Whip              |       |       |       |       |     8 ||     8
Throw: Throwing net      |       |       |       |       |     3 ||     3
Invok: Lesser Servant of |       |       |       |    16 |     3 ||    19
       Minor Destruction |       |       |       |       |    10 ||    10
 Abil: Spit Poison       |     5 |     2 |       |     1 |       ||     8
Evoke: Wand              |       |       |    12 |    26 |    17 ||    55
       Lightning rod     |       |       |       |     4 |     5 ||     9
  Use: Scroll            |     4 |     4 |     3 |    13 |     3 ||    27
       Potion            |       |       |       |     5 |       ||     5
 Stab: Paralysed         |       |       |     4 |       |       ||     4
       Distracted        |       |       |       |     4 |       ||     4
       Petrified         |       |       |       |       |     1 ||     1
       Held in net/web   |       |       |       |       |     2 ||     2
  Eat: Chunk             |     2 |     6 |    11 |     9 |    19 ||    47
       Ration            |       |       |     1 |     5 |       ||     6
Armor: Leather armour    |    37 |    12 |       |       |       ||    49
       Scale mail        |       |    95 |   160 |   437 |   359 ||  1051
       Skin              |       |       |       |    59 |       ||    59
Dodge: Dodged            |    72 |    97 |   131 |   405 |   429 ||  1134

Table legend:
 A = Non-vault XP
 B = Vault XP
 C = Vault XP percentage of total XP
 D = Non-vault monster count
 E = Vault monster count
 F = Vault count percentage of total count
                 A         B        C        D         E       F
            +---------+---------+-------+---------+---------+-------
      Total |   39554 |   39861 |  50.2 |     374 |     169 |  31.1
            +---------+---------+-------+---------+---------+-------
        D:1 |      38 |       0 |   0.0 |      20 |       0 |   0.0
        D:2 |      78 |       0 |   0.0 |      22 |       0 |   0.0
        D:3 |     268 |      48 |  15.2 |      27 |       1 |   3.6
        D:4 |     247 |     279 |  53.0 |      14 |       3 |  17.6
        D:5 |     197 |       0 |   0.0 |       9 |       0 |   0.0
        D:6 |     796 |       0 |   0.0 |      32 |       0 |   0.0
        D:7 |    1091 |     113 |   9.4 |      21 |       1 |   4.5
        D:8 |    1507 |    2782 |  64.9 |      31 |      15 |  32.6
        D:9 |     943 |      12 |   1.3 |      15 |       1 |   6.2
       D:10 |     491 |    2582 |  84.0 |      13 |       5 |  27.8
       D:11 |    5426 |    1106 |  16.9 |      40 |      20 |  33.3
     Lair:1 |    3536 |    2989 |  45.8 |      18 |       8 |  30.8
     Lair:2 |    5003 |       0 |   0.0 |      25 |       0 |   0.0
     Lair:3 |    3097 |     326 |   9.5 |      12 |       2 |  14.3
     Lair:4 |    3774 |    1114 |  22.8 |      20 |       5 |  20.0
     Lair:5 |    3226 |     898 |  21.8 |      17 |       4 |  19.0
     Lair:6 |    8266 |    9660 |  53.9 |      25 |      24 |  49.0
      Orc:1 |    1570 |     557 |  26.2 |      13 |       1 |   7.1
      Orc:2 |       0 |   14778 | 100.0 |       0 |      70 | 100.0
   Gauntlet |       0 |    2617 | 100.0 |       0 |       9 | 100.0
            +---------+---------+-------+---------+---------+-------
